 Dungeon Crawl Stone Soup version 0.25-a0-1126-g5fd7b56c60 (webtiles) character file.

Game seed: 18162947357311042218, levelgen mode: deterministic

68 Chiseanne the Skirmisher (level 4, -3/42 HPs)
             Began as a Demonspawn Wanderer on May 19, 2020.
             Slain by a gnoll (6 damage)
             ... on level 1 of the Dungeon.
             The game lasted 00:03:44 (1663 turns).

Chiseanne the Skirmisher (Demonspawn Wanderer)      Turns: 1663, Time: 00:03:44

Health: -3/42      AC:  4    Str: 12    XL:     4   Next: 1%
Magic:  4/4        EV: 12    Int: 13    God:
Gold:   119        SH:  0    Dex: 14    Spells: 3/3 levels left

rFire    . . .     SeeInvis .   a - -1 short sword (curse)
rCold    . . .     Gourm    .   (no shield)
rNeg     . . .     Faith    .   n - +0 leather armour
rPois    .         Spirit   .   (no helmet)
rElec    .         Reflect  .   t - +0 cloak
rCorr    .         Harm     .   (no gloves)
MR       +....                  (boots unavailable)
Stlth    +.........             (no amulet)
HPRegen  0.14/turn              (no ring)
MPRegen  0.09/turn              (no ring)

@: no status effects
A: talons 3, magic resistance 1, powered by death 1, robust 1
a: no special abilities


You were on level 1 of the Dungeon.
You were not hungry.

You visited 1 branch of the dungeon, and saw 2 of its levels.

You collected 119 gold pieces.

Inventory:

Hand Weapons
 a - a cursed -1 short sword (weapon)
 w - a +2 shortbow
Missiles
 b - 8 arrows
 g - 20 stones (quivered)
 k - 25 bolts
 l - 19 sling bullets
 m - 14 poisoned darts
Armour
 n - a +0 leather armour (worn)
 t - a +0 cloak (worn)
Scrolls
 c - a scroll of teleportation
 e - 2 scrolls of magic mapping {unknown}
 h - a scroll of enchant weapon {unknown}
 i - 2 scrolls of fear {unknown}
 o - a scroll of immolation {unknown}
 p - a scroll of remove curse {unknown}
 r - a scroll of identify {unknown}
 u - a scroll of fog {unknown}
Potions
 d - a potion of curing
 s - a potion of brilliance
Comestibles
 f - 2 rations


   Skills:
 * Level 5.5 Fighting
 - Level 1.0 Bows
 * Level 1.6 Armour
 * Level 2.3 Dodging
   Level 1.0 Shields
   Level 1.0 Evocations


You had 3 spell levels left.
You didn't know any spells.
Your spell library was empty.

Dungeon Overview and Level Annotations

Branches:
Dungeon (2/15)

Altars:


Innate Abilities, Weirdness & Mutations

You have claws for feet.
You regenerate a little health from kills.
You are resistant to hostile enchantments. (MR+)
You are robust. (+10% HP)


Message History

You hit the gnoll.
You kill the gnoll!
You have reached level 4!
You feel agile.
Your demonic ancestry asserts itself...
Your mutations feel more permanent.
The gnoll barely misses you.
You closely miss the gnoll. You claw the gnoll.
The gnoll is lightly wounded.
The gnoll completely misses you.
You hit the gnoll. Your kick misses the gnoll.
The gnoll is heavily wounded.
The gnoll hits you!
* * * LOW HITPOINT WARNING * * *
You closely miss the gnoll. You claw the gnoll, but do no damage.
The gnoll is heavily wounded.
The gnoll barely misses you.
You closely miss the gnoll. Your kick misses the gnoll.
The gnoll is heavily wounded.
The gnoll hits you.
You die...

###############.#.##
##.## #.# #########
#.# ........# #.#
#######.# #.# #.#
#.# #.# #)# ##.##
#@# #...# #g# ##.##
#.# #.# #.#
#.########.#
#..........#
#..#########
#######..#
.........#


You could see a gnoll.

Vanquished Creatures
  A gnoll (D:1)
  An adder (D:1)
  An ooze (D:2)
  A leopard gecko (D:2)
  A ball python (D:1)
  4 giant cockroaches
  4 goblins
  7 hobgoblins
  4 jackals (D:1)
  6 kobolds (D:1)
  5 bats
  4 frilled lizards
  2 rats (D:1)
41 creatures vanquished.

Notes
Turn   | Place    | Note
-------+----------+-------------------------------------------
     0 | D:1      | Chiseanne the Demonspawn Wanderer began the quest for the
                  | Orb.
     0 | D:1      | Chiseanne set off with the following items: a +2 shortbow,
                  | 24 arrows, a scroll of teleportation, a potion of curing, a
                  | +0 robe, a ration
     0 | D:1      | Reached XP level 1. HP: 21/21 MP: 1/1
   227 | D:1      | Gained mutation: You regenerate a little health from kills.
                  | [demonic ancestry]
   227 | D:1      | Reached XP level 2. HP: 27/27 MP: 2/2
   612 | D:1      | Gained mutation: You have sharp toenails. [demonic
                  | ancestry]
   612 | D:1      | Reached XP level 3. HP: 29/33 MP: 3/3
  1642 | D:1      | Gained mutation: You are robust. (+10% HP) [potion of
                  | mutation]
  1642 | D:1      | Gained mutation: You have razor-sharp toenails. [potion of
                  | mutation]
  1642 | D:1      | Gained mutation: You have claws for feet. [potion of
                  | mutation]
  1642 | D:1      | Gained mutation: You are resistant to hostile enchantments.
                  | (MR+) [potion of mutation]
  1659 | D:1      | Mutation became permanent: You have razor-sharp toenails.
                  | [demonic ancestry]
  1659 | D:1      | Gained mutation: You have claws for feet. [demonic
                  | ancestry]
  1659 | D:1      | Reached XP level 4. HP: 9/42 MP: 4/4
  1661 | D:1      | HP: 2/42 [gnoll (7)]
  1663 | D:1      | Slain by a gnoll

Illustrated notes

Levels and vault maps discovered:
D:1:      mrwooster_arrival_statue_2, layout_loops_ring
D:2:      layout_basic, makhleb_altar_promises_db

Skill      XL: |  1  2  3 |
---------------+----------+-----
Dodging        | 2 |  2.3
Fighting       | |  5.5
Bows           | |  1.0
Armour         | |  1.6
Shields        | |  1.0
Evocations     | |  1.0

Action                   |  1- 3 |  4- 6 || total
-------------------------+-------+-------++-------
Melee: Short sword       |    33 |     4 ||    37
       Kick              |     7 |     2 ||     9
 Fire: Shortbow          |    96 |       ||    96
Throw: Stone             |     9 |       ||     9
  Use: Potion            |     3 |       ||     3
  Eat: Chunk             |     2 |       ||     2
Armor: Robe              |     3 |       ||     3
       Leather armour    |    16 |       ||    16
Dodge: Dodged            |    58 |     3 ||    61

Table legend:
 A = Non-vault XP
 B = Vault XP
 C = Vault XP percentage of total XP
 D = Non-vault monster count
 E = Vault monster count
 F = Vault count percentage of total count
                 A         B        C        D         E       F
            +---------+---------+-------+---------+---------+-------
      Total |      98 |       0 |   0.0 |      41 |       0 |   0.0
            +---------+---------+-------+---------+---------+-------
        D:1 |      76 |       0 |   0.0 |      31 |       0 |   0.0
        D:2 |      22 |       0 |   0.0 |      10 |       0 |   0.0
            +---------+---------+-------+---------+---------+-------
